 Dungeon Crawl Stone Soup version 0.31-a0-702-gf82c85558f (webtiles) character file.

Game seed: 9524979084883046858

61 qw the Shooter (level 4, -2/28 HPs)
             Began as a Gargoyle Hunter on Sept 7, 2023.
             Slain by a black bear (4 damage)
             ... on level 4 of the Dungeon.
             The game lasted 00:00:29 (1403 turns).

qw the Shooter (Gargoyle Hunter)                    Turns: 1403, Time: 00:00:30

Health: -2/28      AC:  6    Str: 15    XL:     4   Next: 7%
Magic:  4/4        EV: 11    Int:  9    God:
Gold:   171        SH:  0    Dex: 15    Spells: 3/3 levels left

rFire   . . .        Y - +1 shortbow
rCold   . . .        (shield currently unavailable)
rNeg    + . .        c - +0 leather armour
rPois   inf          (no helmet)
rElec   +            (no cloak)
rCorr   .            (no gloves)
SInv    .            (no boots)
Will    .....        (no amulet)
Stlth   ++           (no ring)
HPRegen 0.24/turn    (no ring)
MPRegen 0.09/turn

%: no passive effects
@: no status effects
A: sickness immunity, AC +3, negative energy resistance 1, electricity
resistance, torment resistance 1, petrification resistance
a: no special abilities


You were on level 4 of the Dungeon.
You visited 1 branch of the dungeon, and saw 3 of its levels.

You collected 171 gold pieces.


Innate Abilities, Weirdness & Mutations

You are immune to sickness and miasma.
Your stone body is resilient. (AC +3)
You are immune to poison.
You resist negative energy. (rN+)
You are resistant to electric shocks. (rElec)
You are resistant to unholy torment.
You are immune to petrification.


   Skills:
 - Level 3.0 Fighting
 + Level 5.1 Ranged Weapons
 - Level 1.5 Dodging
 - Level 1.1 Stealth


You had 3 spell levels left.
You didn't know any spells.
Your spell library was empty.

Inventory:

Hand Weapons
 Y - a +1 shortbow (weapon)
Armour
 b - a +0 ring mail
 c - a +0 leather armour (worn)
Scrolls
 e - 2 scrolls of immolation {unknown}
 g - a scroll of torment {unknown}
 j - a scroll of identify
Potions
 d - a potion of might
 f - a potion of ambrosia {unknown}
 k - a potion of cancellation {unknown}
 l - a potion of magic {unknown}
 m - a potion of attraction {unknown}

Dungeon Overview and Level Annotations

Branches:
Dungeon (2/15)

Altars:

Annotations:
D:4 Grinder


Message History

You resist with significant effort.
You shoot an arrow. The arrow hits Grinder.
Grinder is almost dead.
Grinder hits you but does no damage.
You shoot an arrow. The arrow barely misses Grinder.
Your surroundings suddenly seem different.
A hobgoblin comes into view.
The hobgoblin moves out of view.
You start resting.
A hobgoblin is nearby!
You shoot an arrow. The hobgoblin shouts!
The arrow hits the hobgoblin!
You kill the hobgoblin!
You start resting.
You hear the slow rusting of a very distant drain.
A black bear comes into view.
You shoot an arrow. The arrow barely misses the black bear.
The black bear growls angrily.
You shoot an arrow. The arrow barely misses the black bear.
You shoot an arrow. The arrow hits the black bear.
The black bear is lightly wounded.
You shoot an arrow. The arrow hits the black bear.
The black bear is lightly wounded.
You shoot an arrow. The arrow hits the black bear.
The black bear is moderately wounded.
You shoot an arrow. The arrow hits the black bear!
The black bear is heavily wounded.
The black bear bites you. The black bear claws you.
The black bear claws you but does no damage.
The black bear barely misses you. The black bear closely misses you.
The black bear claws you.
You shoot an arrow. The arrow hits the black bear.
The black bear is heavily wounded.
The black bear bites you. The black bear claws you.
The black bear claws you but does no damage.
You shoot an arrow.
The arrow closely misses the black bear.
The black bear bites you.
You die...

# # #.
..#.######## .
........^..# ..
#..........#...
#..............
...............
......h@.......
............###
..#'#######.# #
#


You could see a black bear.

Vanquished Creatures
  2 adders (D:2)
  A dart slug (D:1)
  6 orcs
  3 bats
  2 endoplasms
  3 goblins (D:1)
  6 hobgoblins
  2 quokkas
  3 frilled lizards (D:1)
  3 kobolds (D:1)
  2 rats (D:2)
33 creatures vanquished.

Notes
Turn   | Place    | Note
-------+----------+-------------------------------------------
     0 | D:1      | qw the Gargoyle Hunter began the quest for the Orb.
     0 | D:1      | Reached XP level 1. HP: 12/12 MP: 1/1
     0 | D:1      | 0 ||| qw: Version: 0.3-a-76-g4403597
     0 | D:1      | 0 ||| qw: Game counter: 815
     0 | D:1      | 0 ||| qw: Melee chars always use a shield: true
     0 | D:1      | 0 ||| qw: God list: Okawaru
     0 | D:1      | 0 ||| qw: Allow faded altars: false
     0 | D:1      | 0 ||| qw: Do Orc after clearing Dungeon:15 true
     0 | D:1      | 0 ||| qw: Do second Lair branch before Depths: true
     0 | D:1      | 0 ||| qw: Lair rune preference: random
     0 | D:1      | 0 ||| qw: Goals: Normal
     0 | D:1      | 0 ||| PLANNING D:1-11
   106 | D:1      | Reached XP level 2. HP: 17/17 MP: 2/2
   973 | D:1      | 973 ||| DROPPING ring of magical power.
   974 | D:1      | 974 ||| READING 2 scrolls labelled APETWI MIONUGG.
   978 | D:1      | 978 ||| READING scroll labelled DYCLE KERUSO.
   979 | D:1      | 979 ||| READING 3 scrolls labelled CEROAV VUSM.
   980 | D:1      | 980 ||| READING 3 scrolls labelled LOAMPI EREKH.
   981 | D:1      | 981 ||| READING 2 scrolls of identify.
   981 | D:1      | 981 ||| IDENTIFYING cyan potion
   982 | D:1      | 982 ||| DROPPING scroll of butterflies.
   983 | D:1      | 983 ||| DROPPING 2 scrolls of noise.
  1033 | D:2      | Reached XP level 3. HP: 21/21 MP: 3/3
  1038 | D:2      | Reached skill level 5 in Ranged Weapons
  1277 | D:2      | Reached skill level 3 in Fighting
  1321 | D:2      | You fall into a shaft and drop 2 floors!
  1324 | D:4      | 1324 ||| PLANNING SEWER
  1325 | D:4      | Reached XP level 4. HP: 28/28 MP: 4/4
  1326 | D:4      | Noticed Grinder
  1347 | D:4      | Paralysed by Grinder for 5 turns
  1355 | D:4      | HP: 7/28 [Grinder (2)]
  1357 | D:4      | 1357 ||| READING scroll of teleportation.
  1395 | D:4      | Noticed a black bear
  1401 | D:4      | HP: 6/28 [black bear (4)]
  1402 | D:4      | HP: 2/28 [black bear (3)]
  1403 | D:4      | Slain by a black bear

Levels and vault maps discovered:
D:1:      minmay_arrival_cross, layout_basic, minmay_tree_intersection
D:2:      layout_loops_ring, dreamdust_princess_bridge
D:4:      minmay_door_path, layout_basic, mainiacjoe_overflow_cross_hatched,
          portal_sewer_entry_b, chequers_serial_rivers_micro_a,
          minmay_manual_mess, uniq_duvessa, uniq_grinder

Skill      XL: |  1  2  3 |
---------------+----------+-----
Ranged Weapons | 5 |  5.1
Fighting       | 3 |  3.0
Dodging        | |  1.5
Stealth        | |  1.1

Action                     |  1- 3 |  4- 6 || total
---------------------------+-------+-------++-------
   Fire: Shortbow          |    83 |    36 ||   119
    Use: Scroll            |     5 |     1 ||     6
 Armour: Leather armour    |    20 |    14 ||    34
  Dodge: Dodged            |    19 |     3 ||    22

Table legend:
 A = Non-vault XP
 B = Vault XP
 C = Vault XP percentage of total XP
 D = Non-vault monster count
 E = Vault monster count
 F = Vault count percentage of total count
                 A         B        C        D         E       F
            +---------+---------+-------+---------+---------+-------
      Total |      82 |       6 |   6.8 |      31 |       2 |   6.1
            +---------+---------+-------+---------+---------+-------
        D:1 |      29 |       0 |   0.0 |      16 |       0 |   0.0
        D:2 |      51 |       0 |   0.0 |      14 |       0 |   0.0
        D:4 |       2 |       6 |  75.0 |       1 |       2 |  66.7
            +---------+---------+-------+---------+---------+-------
